 Dungeon Crawl Stone Soup version 0.27-a0-679-g77a6b55cf3 (webtiles) character file.

Game seed: 18144005752288684742

21 sizableburger the Skirmisher (level 2, -1/24 HPs)
             Began as a Demonspawn Monk on Mar 19, 2021.
             Slain by a gnoll
             ... wielding a +0 halberd
              (13 damage)
             ... on level 1 of the Dungeon.
             The game lasted 00:01:48 (807 turns).

sizableburger the Skirmisher (Demonspawn Monk)       Turns: 807, Time: 00:01:49

Health: -1/24      AC:  2    Str: 11    XL:     2   Next: 65%
Magic:  2/2        EV: 13    Int: 17    God:
Gold:   20         SH:  0    Dex: 15    Spells: 1/1 levels left

rFire    . . .     SeeInvis .   a - +0 falchion
rCold    . . .     Faith    .   (no shield)
rNeg     . . .     Spirit   .   b - +0 robe
rPois    .         Reflect  .   (no helmet)
rElec    .         Harm     .   (no cloak)
rCorr    .         Rampage  .   (no gloves)
Will     .....                  (no boots)
Stlth    ++........             (no amulet)
HPRegen  0.08/turn              c - +6 ring of intelligence
MPRegen  0.08/turn              (no ring)

@: no status effects
A: powered by death 1
a: no special abilities


You were on level 1 of the Dungeon.
You visited 1 branch of the dungeon, and saw 1 of its levels.

You collected 20 gold pieces.

Inventory:

Hand Weapons
 a - a +0 falchion (weapon)
Armour
 b - a +0 robe (worn)
Jewellery
 c - a +6 ring of intelligence (right hand)
Scrolls
 d - a scroll of acquirement {unknown}
 e - a scroll of enchant weapon {unknown}
Potions
 f - a potion of invisibility {unknown}


   Skills:
 + Level 3.3 Fighting
 + Level 3.0 Long Blades
 + Level 3.0 Dodging
 - Level 2.0 Stealth


You had one spell level left.
You didn't know any spells.
Your spell library contained the following spells:

 Spells                   Type           Power      Damage    Failure   Level
 Animate Skeleton         Necr           0%         N/A       24%         1
 Apportation              Tloc           0%         N/A       24%         1
 Corona                   Hex            0%         N/A       24%         1
 Summon Small Mammal      Summ           0%         N/A       24%         1
 Confusing Touch          Hex            0%         N/A       56%         3
 Gell's Gravitas          Tloc           0%         N/A       56%         3
 Petrify                  Tmut/Erth      0%         N/A       93%         4
 Metabolic Englaciation   Hex/Ice        0%         N/A       100%        5
 Yara's Violent Unravell  Hex/Tmut       0%         3d3       100%        5


Dungeon Overview and Level Annotations

Branches:
Dungeon (1/15)

Altars:


Innate Abilities, Weirdness & Mutations

You regenerate a little health from kills.


Message History

The bat hits you but does no damage. The bat hits you but does no damage.
The bat hits you but does no damage. The bat barely misses you.
The bat misses you.
You riposte.
You hit the bat but do no damage. You barely miss the bat.
The bat hits you but does no damage. The bat hits you but does no damage.
The bat misses you. The bat hits you but does no damage.
You barely miss the bat. The bat closely misses you.
The bat closely misses you.
You riposte.
You miss the bat. The bat hits you but does no damage.
A bat is nearby!
You miss the bat.
The bat closely misses you. x2; You riposte.
You hit the bat.
You kill the bat!
There is an open door here.
Things that are here:
a +0 dagger; 3 stones; a kobold skeleton
There is an open door here.
There is an open door here.
You see here a bat skeleton.
Key pressed, stopping explore.
Found a stone staircase leading down.
A rat comes into view.
The rat bites you.
You hit the rat but do no damage. The rat bites you but does no damage.
You hit the rat.
You kill the rat!
There is a stone staircase leading down here.
A gnoll comes into view. It is wielding a +0 halberd.
You see here 9 gold pieces.
A gnoll is nearby!
A gnoll is nearby!
The helpless gnoll fails to defend itself.
You hit the gnoll.
The gnoll is lightly wounded.
The gnoll hits you with a +0 halberd!
Ouch! That really hurt!
The gnoll hits you from afar with a +0 halberd!
Ouch! That really hurt!
You die...

........##.#
...........#
#########.####
.............#
########.###.####
.............>..#
########.#.#..#.##
#.#....#$.#
########.#######@###
..................g#
############.......#
# ##### #........# #
#...# #......#.# #
#...# #........# #
#...# #........#
####...## #.........
#.......# #.......#.


You could see a gnoll.

Vanquished Creatures
  A dart slug (D:1)
  2 giant cockroaches (D:1)
  3 goblins (D:1)
  2 kobolds (D:1)
  4 bats (D:1)
  A frilled lizard (D:1)
  7 rats (D:1)
20 creatures vanquished.

Notes
Turn   | Place    | Note
-------+----------+-------------------------------------------
     0 | D:1      | sizableburger the Demonspawn Monk began the quest for the
                  | Orb.
     0 | D:1      | Reached XP level 1. HP: 18/18 MP: 1/1
   247 | D:1      | Gained mutation: You regenerate a little health from kills.
                  | [demonic ancestry]
   247 | D:1      | Reached XP level 2. HP: 24/24 MP: 2/2
   807 | D:1      | Slain by a gnoll

Illustrated notes

Levels and vault maps discovered:
D:1:      heliophobic_arrival_battle_scene, layout_basic,
          roderic_serpentine_path

Skill      XL: |  1  2 |
---------------+-------+-----
Stealth        | 2 |  2.0
Dodging        | 3 |  3.0
Long Blades    | 3 |  3.0
Fighting       | |  3.3

Action                   || total
-------------------------++-------
Melee: Falchion          ||    55
 Stab: Sleeping          ||     3
Armor: Robe              ||    18
Dodge: Dodged            ||    41
       Rpst.: Falchion   ||    11

Table legend: (Time is in decaauts)
 A = Elapsed time spent in this place.
 B = Non-inter-level travel time spent in this place.
 C = Inter-level travel time spent in this place.
 D = Time resting spent in this place.
 E = Time spent auto-exploring this place.
 F = Levels seen in this place.
 G = Mean time per level.
                   A        B        C        D        E       F      G
               +--------+--------+--------+--------+--------+-----+--------+
         Total |    815 |    815 |      0 |     67 |    597 |   1 |  815.0 |
       Dungeon |    815 |    815 |      0 |     67 |    597 |   1 |  815.0 |
               +--------+--------+--------+--------+--------+-----+--------+

Top non-repeatable levels by time:
     D:1: 815 daAuts
